 Dungeon Crawl Stone Soup version 0.24.0-123-gd5b16e6ec5 (webtiles) character file.

Game seed: 8533105767371944394, levelgen mode: deterministic

37 FishyPogo the Shield-Bearer (level 3, 0/34 HPs)
             Began as a Deep Dwarf Fighter on Dec 31, 2019.
             Was a Follower of Nemelex Xobeh.
             Slain by an adder (1 damage)
             ... on level 2 of the Dungeon.
             The game lasted 00:02:32 (1143 turns).

FishyPogo the Shield-Bearer (Deep Dwarf Fighter)    Turns: 1143, Time: 00:02:33

Health: 0/34       AC:  6    Str: 20    XL:     3   Next: 23%
Magic:  3/3        EV:  7    Int:  8    God:    Nemelex Xobeh [*.....]
Gold:   30         SH:  9    Dex: 12    Spells: 2/2 levels left

rFire    . . .     SeeInvis .   a - +0 war axe
rCold    . . .     Gourm    .   c - +0 shield
rNeg     . . .     Faith    .   b - +0 scale mail
rPois    .         Spirit   .   (no helmet)
rElec    .         Reflect  .   (no cloak)
rCorr    .         Harm     .   (no gloves)
MR       .....                  (no boots)
Stlth    ..........             (no amulet)
HPRegen  0.00/turn              (no ring)
MPRegen  0.08/turn              (no ring)

@: non-regenerating
A: damage resistance, heal wounds, sense surroundings 1, no regeneration
a: Heal Wounds, Draw Escape, Draw Destruction, Draw Summoning, Renounce Religion


You were on level 2 of the Dungeon.
You worshipped Nemelex Xobeh.
Nemelex Xobeh was aware of your devotion.
You were very hungry.

You visited 1 branch of the dungeon, and saw 2 of its levels.

You collected 30 gold pieces.

Inventory:

Hand Weapons
 a - a +0 war axe (weapon)
Missiles
 h - 56 stones (quivered)
 i - 22 poisoned darts
Armour
 b - a +0 scale mail (worn)
 c - a +0 shield (worn)
Scrolls
 e - a scroll of enchant armour {unknown}
 l - a scroll of amnesia {unknown}
 m - a scroll of magic mapping {unknown}
 n - a scroll of blinking {unknown}
Potions
 d - a potion of might
 j - a potion of brilliance {unknown}
 k - a potion of lignification {unknown}
Comestibles
 f - a ration


   Skills:
 * Level 3.1 Fighting
 + Level 2.6 Axes
 + Level 3.6 Armour
 * Level 3.8 Shields


You had 2 spell levels left.
You didn't know any spells.
Your spell library was empty.

Dungeon Overview and Level Annotations

Branches:
Dungeon (2/15)

Altars:
Nemelex Xobeh


Innate Abilities, Weirdness & Mutations

You are resistant to damage.
You can heal yourself by infusing magical energy.
You passively map a small area around you.
You do not regenerate.


Message History

The hobgoblin hits you but does no damage.
You block the bat's attack. The bat closely misses you.
The adder barely misses you. The goblin barely misses you.
The hobgoblin hits you.
* * * LOW HITPOINT WARNING * * *
The adder bites you but does no damage. You block the bat's attack.
The goblin hits you but does no damage. The bat hits you but does no damage.
You block the hobgoblin's attack. The adder barely misses you.
The bat hits you but does no damage. You block the adder's attack.
The bat hits you but does no damage. The goblin hits you but does no damage.
The hobgoblin hits you but does no damage.
The bat barely misses you. x2; The adder bites you.
* * * LOW HITPOINT WARNING * * *
The goblin barely misses you. The hobgoblin hits you. The bat hits you.
The adder bites you but does no damage. You block the goblin's attack.
The hobgoblin barely misses you. The adder bites you.
You die...
Your body glows slightly and disappears.

, * #....## * * *
#....# * ,,, * ####.#
, * * ,#.## # * * #...
, , #. * .... *
,#.###########.######
#.#..g$b........##....
* * #...S@g....####
#.### *
##########'#######.#
#.............##.# ,
#.............##.# *
#.............##.# ,*
#.............##.# , ,
#..........)..##.#
#.............##.# ,
#.............##.#


You could see an adder, a hobgoblin, a goblin and a bat.

Vanquished Creatures
  2 dart slugs (D:1)
  A giant cockroach (D:1)
  5 goblins (D:1)
  4 hobgoblins (D:1)
  11 bats
  A frilled lizard (D:1)
  6 kobolds (D:1)
  5 rats
35 creatures vanquished.

Notes
Turn   | Place    | Note
-------+----------+-------------------------------------------
     0 | D:1      | FishyPogo the Deep Dwarf Fighter began the quest for the
                  | Orb.
     0 | D:1      | Reached XP level 1. HP: 20/20 MP: 1/1
   154 | D:1      | Reached XP level 2. HP: 25/27 MP: 2/2
   443 | D:1      | Reached XP level 3. HP: 27/34 MP: 3/3
   749 | D:2      | Found a faded altar of an unknown god.
   758 | D:2      | Became a worshipper of Nemelex Xobeh the Trickster
   758 | D:2      | Received a gift from Nemelex Xobeh
   758 | D:2      | Reached * piety under Nemelex Xobeh
  1142 | D:2      | HP: 1/34 [adder (1)]
  1143 | D:2      | Slain by an adder

Levels and vault maps discovered:
D:1:      dpeg_arrival_long_road, layout_basic
D:2:      layout_basic, grunt_gozag_statues, chequers_ecumenical_altar_simple

Skill      XL: |  1  2 |
---------------+-------+-----
Fighting       | 3 |  3.1
Axes           | |  2.6
Armour         | |  3.6
Shields        | |  3.8

Action                   || total
-------------------------++-------
Melee: War axe           ||   124
Armor: Scale mail        ||   329
Dodge: Dodged            ||   216
Block: Shield            ||   378
